 Dungeon Crawl Stone Soup version 0.19.1-1-g22dce08 (webtiles) character file.

138 dngmouse the Digger (level 5, -4/28 HPs)
             Began as a Gargoyle Earth Elementalist on Jan 16, 2017.
             Slain by a gnoll
             ... wielding a +0 whip
              (5 damage)
             ... on level 2 of the Dungeon.
             The game lasted 00:11:54 (2752 turns).

dngmouse the Digger (Gargoyle Earth Elementalist)   Turns: 2752, Time: 00:11:55

Health: -4/28      AC:  6    Str: 12    XL:     5   Next: 21%
Magic:  1/8        EV: 12    Int: 15    God:
Gold:   81         SH:  0    Dex: 11    Spells: 3 memorised, 2 levels left

rFire  . . .     SeeInvis .     i - +0 mace
rCold  . . .     Gourm    .     c - +0 robe
rNeg   + . .     Faith    .     (no shield)
rPois  ∞         Spirit   .     (no helmet)
rElec  +         Reflect  .     (no cloak)
rCorr  .         Harm     .     (no gloves)
MR     .....                    (no boots)
Stlth  ++........               (no amulet)
                                (no ring)
                                (no ring)

@: no status effects
A: negative energy resistance 1, electricity resistance, unbreathing,
petrification resistance, rot immunity, AC +4
a: no special abilities


You were on level 2 of the Dungeon.
You were hungry.

You visited 1 branch of the dungeon, and saw 3 of its levels.

You collected 81 gold pieces.

Inventory:

Hand Weapons
 a - a +0 club
 i - a +0 mace (weapon)
Missiles
 b - 42 stones (quivered)
Armour
 c - a +0 robe (worn)
 m - a +0 leather armour
Scrolls
 h - 3 scrolls of teleportation {unknown}
 j - a scroll of fear {unknown}
 k - 4 scrolls of identify {unknown}
 n - a scroll of enchant weapon {unknown}
 p - a scroll of enchant armour {unknown}
 q - a scroll of recharging {unknown}
 s - a scroll of random uselessness {unknown}
Potions
 f - a potion of degeneration {unknown}
 l - a potion of agility {unknown}
 r - 2 potions of brilliance {unknown}
 u - a potion of flight {unknown}
Books
 e - a book of Geomancy

   Spells                             Type                      Level
   a - Sandblast                      Earth                        1
   b - Passwall                       Transmutation/Earth          2
   c - Stone Arrow                    Conjuration/Earth            3
   d - Petrify                        Transmutation/Earth          4
   e - Lee's Rapid Deconstruction     Earth                        5
Comestibles
 d - 2 bread rations
 g - 2 meat rations
 o - 2 fruits
 t - 7 chunks of flesh


   Skills:
 - Level 1.0 Maces & Flails
 - Level 1.5 Dodging
 - Level 2.1 Stealth
 - Level 2.0 Spellcasting
 + Level 2.4 Conjurations
 - Level 0.7 Transmutations
 * Level 6.0 Earth Magic


You had 2 spell levels left.
You knew the following spells:

 Your Spells              Type           Power        Failure   Level  Hunger
a - Sandblast             Erth           ###...       1%          1    #......
b - Passwall              Tmut/Erth      ##........   12%         2    ###....
c - Stone Arrow           Conj/Erth      ##....       14%         3    ###....


Dungeon Overview and Level Annotations

Branches:
Dungeon (3/15)

Altars:


Innate Abilities, Weirdness & Mutations

You are resistant to torment.
Your stone body is resilient. (AC +4)
You are immune to poison.
You resist negative energy. (rN+)
You are resistant to electric shocks. (rElec)
You can survive without breathing.
You are immune to petrification.
You are immune to rotting.


Message History

Your Earth Magic skill increases to level 6!
The gnoll hits you with a whip.
* * * LOW HITPOINT WARNING * * *
Casting: Sandblast
Confirm with . or Enter, or press ? or * to list all spells.
Aiming: Sandblast
Press: ? - help, Shift-Dir - straight line, f - gnoll
Aim: a gnoll, wielding a whip The blast of sand hits the gnoll.
The gnoll is lightly wounded.
The gnoll closely misses you.
Casting: Sandblast
Confirm with . or Enter, or press ? or * to list all spells.
Aiming: Sandblast
Press: ? - help, Shift-Dir - straight line, f/p - gnoll
Aim: a gnoll, wielding a whip (lightly wounded)
The blast of sand hits the gnoll.
The gnoll is severely wounded.
The gnoll hits you with a whip.
You die...

### ### #.#############.#
#...............#
#.#############.# #.#
#.....#.# ###.#####
#.###.#.# #.......# #.#
#.#.# #...)...###.###.#.##
#..@................
#######...g...###.#.###...
#<..............#.......#.
###############)###.#####.
#.# #.#<#... #.# #.#.#.##
#.# #.#.#+## #.# #.#.....
#.# #.#.....


You could see a gnoll.

Vanquished Creatures
  6 adders (D:2)
  2 gnolls
  An ooze (D:1)
  A dart slug (D:2)
  2 leopard geckos
  A ball python (D:3)
  12 bats
  2 giant cockroaches
  10 goblins
  5 hobgoblins
  3 jackals (D:1)
  4 kobolds
  A quokka (D:2)
  3 frilled lizards
  3 rats
56 creatures vanquished.

Vanquished Creatures (others)
  A goblin (D:1)
1 creature vanquished.

Grand Total: 57 creatures vanquished

Notes
Turn   | Place    | Note
-------+----------+-------------------------------------------
     0 | D:1      | dngmouse the Gargoyle Earth Elementalist began the quest for the Orb.
     0 | D:1      | Reached XP level 1. HP: 10/10 MP: 3/3
   248 | D:1      | Reached skill level 4 in Earth Magic
   280 | D:1      | Reached XP level 2. HP: 12/15 MP: 5/5
  1072 | D:1      | Reached XP level 3. HP: 9/19 MP: 3/6
  1266 | D:1      | Learned a level 2 spell: Passwall
  1270 | D:1      | Learned a level 3 spell: Stone Arrow
  1722 | D:2      | Reached skill level 1 in Maces & Flails
  1740 | D:2      | Reached skill level 5 in Earth Magic
  1755 | D:2      | Reached skill level 1 in Conjurations
  1755 | D:2      | Reached XP level 4. HP: 15/24 MP: 7/7
  2687 | D:2      | Reached XP level 5. HP: 26/28 MP: 8/8
  2750 | D:2      | Reached skill level 6 in Earth Magic
  2750 | D:2      | HP: 1/28 [gnoll/whip (1)]
  2752 | D:2      | Slain by a gnoll

Skill      XL: |  1  2  3  4  5 |
---------------+----------------+-----
Earth Magic    | 4 5 6 |  6.0
Maces & Flails | 1 |  1.0
Conjurations   | 1 2 |  2.4
Dodging        | |  1.5
Stealth        | |  2.1
Spellcasting   | |  2.0
Transmutations | |  0.7

Action                   |  1- 3 |  4- 6 || total
-------------------------+-------+-------++-------
Melee: Club              |    69 |       ||    69
       Unarmed           |     3 |       ||     3
       Mace              |    60 |    89 ||   149
 Cast: Sandblast         |    11 |    14 ||    25
 Stab: Sleeping          |     1 |     2 ||     3
  Eat: Chunk             |     3 |     3 ||     6
Armor: Robe              |    84 |    42 ||   126
Dodge: Dodged            |   170 |   103 ||   273
